[Event "15th Governor Cup 2019"]
[Site "Khanty-Mansiysk"]
[Date "2019.11.22"]
[Round "5.21"]
[White "Voskresenskaya, Marta"]
[Black "Mukhina, Jana"]
[Result "0-1"]
[ECO "D02"]
[WhiteElo "1859"]
[BlackElo "2105"]
[Annotator "ChessBase"]
[PlyCount "62"]
[EventDate "2019.11.19"]
[EventType "swiss"]
[EventCountry "RUS"]
[SourceTitle "playchess.com"]
[Source "ChessBase"]
[SourceQuality "1"]
[TimeControl "5400+30"]

1. d4 d5 2. Nf3 Nc6 3. c4 Bg4 4. e3 e5 5. Be2 exd4 6. Nxd4 Bxe2 7. Nxe2 dxc4 8. Qa4 Qd5 9. O-O O-O-O 10. Nd2 Bb4 11. Nc3 Qa5 12. Qc2 Ne5 13. f4 Bxc3 14. Qxc3 Qxc3 15. bxc3 Nd3 16. Nxc4 Nf6 17. Rb1 Ne4 18. Rb3 Rhe8 19. Ba3 a6 20. Rd1 Nxf4 21. Nd6+ Nxd6 22. exf4 Nc4 23. Rxd8+ Rxd8 24. Bc5 Rd1+ 25. Kf2 Rd2+ 26. Kg3 Rd3+ 27. Kg4 Rd2 28. Kg3 Rxa2 29. Rb4 Nd2 30. Rd4 Nb3 31. Rd5 Ra5 0-1

[Event "15th Governor Cup 2019"]
[Site "Khanty-Mansiysk"]
[Date "2019.11.22"]
[Round "5.22"]
[White "Mironenko, Galina"]
[Black "Kochukova, Anna"]
[Result "1/2-1/2"]
[ECO "B40"]
[WhiteElo "2236"]
[BlackElo "2117"]
[Annotator "NA"]
[PlyCount "153"]
[EventDate "2019.11.19"]
[EventType "swiss"]
[EventCountry "RUS"]
[SourceTitle "playchess.com"]
[Source "ChessBase"]
[SourceQuality "1"]
[TimeControl "5400+30"]

1. e4 c5 2. Nf3 e6 3. g3 Nc6 4. Bg2 g6 5. d4 cxd4 6. Nxd4 a6 7. Nc3 Bg7 8. Be3 Nge7 9. O-O O-O 10. Nde2 d6 11. Qc1 b5 12. Rd1 Qc7 13. a3 Rd8 14. Bg5 Bb7 15. h4 h5 $15 16. Bh6 Bh8 17. Nf4 Ne5 18. Nce2 Rdc8 19. c3 Ng4 20. Nh3 Nxh6 21. Qxh6 Bg7 22. Qf4 d5 23. exd5 Nxd5 24. Qxc7 Rxc7 25. Nhf4 Nb6 26. Bxb7 Rxb7 27. Nd3 Rc8 28. Kf1 Kf8 29. Nd4 Bxd4 30. cxd4 a5 31. b3 Nd5 32. Rac1 Rbc7 33. Rxc7 Rxc7 34. Rc1 Rxc1+ 35. Nxc1 Nc3 36. Ke1 a4 37. Kd2 Ne4+ 38. Ke3 axb3 39. Nxb3 Nd6 40. Nd2 Ke7 41. Kd3 Kd7 42. Nb1 Kc6 43. Nd2 Kb6 44. Kc3 Ka5 45. Kb3 Nf5 46. Nf3 f6 47. Kc3 Ka4 48. Kb2 Nd6 49. Nd2 g5 50. f3 gxh4 51. gxh4 Nf5 52. Ne4 Nxh4 53. Nxf6 Nxf3 54. Nxh5 Nxd4 55. Nf4 e5 56. Nd3 Nc6 57. Nc5+ Ka5 58. Kb3 Kb6 59. Nd7+ Ka5 60. Nc5 Nd4+ 61. Kc3 Nf5 62. Kb3 Ne7 63. a4 b4 64. Nb7+ Kb6 65. Nd6 Nc6 66. Ne4 Kc7 67. Kc4 Kb6 68. Kb3 Ka5 69. Nc5 Nd4+ 70. Kc4 Nf3 71. Kb3 Nd2+ 72. Kc2 Nc4 73. Kb3 Nd2+ 74. Kc2 Nf3 75. Kb3 Ne1 76. Kc4 Nf3 77. Kb3 1/2-1/2

[Event "15th Governor Cup 2019"]
[Site "Khanty-Mansiysk"]
[Date "2019.11.22"]
[Round "6.4"]
[White "Goganov, Aleksey"]
[Black "Bocharov, Ivan"]
[Result "1-0"]
[ECO "E15"]
[WhiteElo "2565"]
[BlackElo "2571"]
[Annotator "ChessBase"]
[PlyCount "95"]
[EventDate "2019.11.19"]
[EventType "swiss"]
[EventCountry "RUS"]
[SourceTitle "playchess.com"]
[Source "ChessBase"]
[SourceQuality "1"]
[TimeControl "5400+30"]

1. d4 Nf6 2. c4 e6 3. Nf3 b6 4. g3 Ba6 5. Qc2 c5 6. d5 exd5 7. cxd5 Bb7 8. Bg2 Nxd5 9. O-O Nc6 10. Rd1 Be7 11. a3 Nc7 12. Nc3 O-O 13. Bf4 Re8 14. Rd2 Ne6 15. Rad1 Nxf4 16. gxf4 d6 17. Ne4 Qd7 18. Nxd6 Bxd6 19. Rxd6 Qg4 20. h3 Qh5 21. R1d5 Nb4 22. Rxh5 Nxc2 23. Rd2 Na1 24. Re5 f6 25. Rxe8+ Rxe8 26. Rd7 Bc6 27. Rc7 Bd5 28. e3 a5 29. Nh4 Bxg2 30. Kxg2 g6 31. Rc6 Kf7 32. Rxb6 a4 33. Nf3 Rd8 34. e4 Nb3 35. Ra6 Nc1 36. e5 Nd3 37. Rxf6+ Ke8 38. Ng5 Rb8 39. Kf3 Rxb2 40. Re6+ Kf8 41. Nxh7+ Kg8 42. Re7 c4 43. e6 Rxf2+ 44. Kg4 Rg2+ 45. Kh4 g5+ 46. fxg5 Ne5 47. Nf6+ Kf8 48. Re8+ 1-0

[Event "15th Governor Cup 2019"]
[Site "Khanty-Mansiysk"]
[Date "2019.11.22"]
[Round "6.5"]
[White "Savitskiy, Sergey"]
[Black "Frolyanov, Dmitry"]
[Result "1/2-1/2"]
[ECO "B31"]
[WhiteElo "2396"]
[BlackElo "2556"]
[Annotator "ChessBase"]
[PlyCount "30"]
[EventDate "2019.11.19"]
[EventType "swiss"]
[EventCountry "RUS"]
[SourceTitle "playchess.com"]
[Source "ChessBase"]
[SourceQuality "1"]
[TimeControl "5400+30"]

1. e4 c5 2. Nf3 Nc6 3. Bb5 g6 4. O-O Bg7 5. c3 Nf6 6. Re1 O-O 7. d4 cxd4 8. cxd4 d5 9. e5 Ne4 10. Bxc6 bxc6 11. Nbd2 Bf5 12. Nh4 Be6 13. Nhf3 Bf5 14. Nh4 Be6 15. Nhf3 Bf5 1/2-1/2

[Event "15th Governor Cup 2019"]
[Site "Khanty-Mansiysk"]
[Date "2019.11.22"]
[Round "6.7"]
[White "Remizov, Yaroslav"]
[Black "Volkov, Sergey"]
[Result "0-1"]
[ECO "C11"]
[WhiteElo "2394"]
[BlackElo "2572"]
[Annotator "ChessBase"]
[PlyCount "126"]
[EventDate "2019.11.19"]
[EventType "swiss"]
[EventCountry "RUS"]
[SourceTitle "playchess.com"]
[Source "ChessBase"]
[SourceQuality "1"]
[TimeControl "5400+30"]

1. e4 e6 2. d4 d5 3. Nc3 Nf6 4. e5 Nfd7 5. f4 c5 6. Nf3 Nc6 7. Be3 Be7 8. Qd2 O-O 9. Be2 b6 10. O-O Bb7 11. Nd1 cxd4 12. Nxd4 Nc5 13. Nf2 Rc8 14. c3 Ba6 15. Bxa6 Nxa6 16. b4 Nxd4 17. Bxd4 Nb8 18. Ng4 Nc6 19. f5 Bg5 20. Qd3 Nxd4 21. cxd4 h5 22. Nf2 exf5 23. Qxf5 Rc3 24. Rae1 g6 25. Qb1 Be3 26. Kh1 Qh4 27. Nd1 Bf4 28. g3 Bxg3 29. Re2 Rc6 30. b5 Re6 31. Qc1 Bxh2 32. Rxh2 Qxd4 33. Nf2 Rxe5 34. Nh3 Qc4 35. Qa1 Rfe8 36. Nf4 Rf5 37. Rhf2 Re4 38. Ng2 Rxf2 39. Rxf2 d4 40. a4 h4 41. Nf4 Qb4 42. Nd3 Qb3 43. Qf1 Re3 44. Nf4 d3 45. Nxg6 d2 46. Ne7+ Kf8 47. Rxd2 Kxe7 48. Re2 Qd5+ 49. Kg1 Qe5 50. Rxe3 Qxe3+ 51. Kh1 Qe4+ 52. Kh2 Qxa4 53. Qf5 Qa2+ 54. Kh1 Qe6 55. Qc2 Qd5+ 56. Kh2 Qe5+ 57. Kh1 h3 58. Qc4 Kf6 59. Qh4+ Kg6 60. Qg4+ Qg5 61. Qg3 f6 62. Qd3+ Kh6 63. Qg3 Qd5+ 0-1

[Event "15th Governor Cup 2019"]
[Site "Khanty-Mansiysk"]
[Date "2019.11.22"]
[Round "6.8"]
[White "Bilguun, Sumiya"]
[Black "Lugovskoy, Maxim"]
[Result "0-1"]
[ECO "C00"]
[WhiteElo "2496"]
[BlackElo "2444"]
[Annotator "ChessBase"]
[PlyCount "90"]
[EventDate "2019.11.19"]
[EventType "swiss"]
[EventCountry "RUS"]
[SourceTitle "playchess.com"]
[Source "ChessBase"]
[SourceQuality "1"]
[TimeControl "5400+30"]

1. e4 e6 2. Qe2 b6 3. Nf3 Bb7 4. d3 d5 5. exd5 Qxd5 6. Nc3 Bb4 7. Bd2 Bxc3 8. Bxc3 Nf6 9. Qe5 Qxe5+ 10. Nxe5 Nd5 11. Bd2 c5 12. a4 Nc6 13. Nxc6 Bxc6 14. a5 O-O 15. Be2 Ne7 16. f3 Rfd8 17. Kf2 Nf5 18. Bf4 b5 19. c3 f6 20. a6 e5 21. Bc1 h5 22. Rd1 g5 23. Ra5 Rab8 24. g3 Kg7 25. Rg1 Kf7 26. f4 exf4 27. gxf4 g4 28. Be3 Nxe3 29. Kxe3 f5 30. b4 cxb4 31. cxb4 Rd6 32. Rc1 Re8+ 33. Kd2 h4 34. Raa1 Kf6 35. Rc5 Ree6 36. Rac1 h3 37. Bf1 Be8 38. Re5 Rxa6 39. d4 Ra2+ 40. Kd3 Rxh2 41. d5 Rxe5 42. fxe5+ Kxe5 43. Re1+ Kxd5 44. Rxe8 Rf2 45. Be2 h2 {[%emt 0:00:06] Kd4+ Ke5+} 0-1

[Event "15th Governor Cup 2019"]
[Site "Khanty-Mansiysk"]
[Date "2019.11.22"]
[Round "6.9"]
[White "Guseva, Marina"]
[Black "Potapov, Pavel"]
[Result "1-0"]
[ECO "A85"]
[WhiteElo "2366"]
[BlackElo "2489"]
[Annotator "ChessBase"]
[PlyCount "47"]
[EventDate "2019.11.19"]
[EventType "swiss"]
[EventCountry "RUS"]
[SourceTitle "playchess.com"]
[Source "ChessBase"]
[SourceQuality "1"]
[TimeControl "5400+30"]

1. d4 f5 2. c4 Nf6 3. Nc3 d6 4. Bg5 Nbd7 5. Qc2 g6 6. O-O-O Bg7 7. h4 c6 8. e3 Qc7 9. Be2 h6 10. Bf4 e5 11. Bh2 O-O 12. h5 gxh5 13. c5 Ng4 14. cxd6 Qxd6 15. dxe5 Qe7 16. Bg3 Ndxe5 17. Nf3 Be6 18. Nxe5 Nxe5 19. Rxh5 Nf7 20. Bh4 Qb4 21. g4 fxg4 22. Qg6 Rfe8 23. Rd4 Qf8 24. Bd3 1-0

[Event "15th Governor Cup 2019"]
[Site "Khanty-Mansiysk"]
[Date "2019.11.22"]
[Round "6.10"]
[White "Rozum, Ivan"]
[Black "Mochalin, Faddey"]
[Result "1-0"]
[ECO "A13"]
[WhiteElo "2593"]
[BlackElo "2188"]
[Annotator "ChessBase"]
[PlyCount "99"]
[EventDate "2019.11.19"]
[EventType "swiss"]
[EventCountry "RUS"]
[SourceTitle "playchess.com"]
[Source "ChessBase"]
[SourceQuality "1"]
[TimeControl "5400+30"]

1. c4 e6 2. Nc3 d5 3. e3 Nf6 4. Nf3 b6 5. d4 Bb7 6. cxd5 exd5 7. g3 Be7 8. Bg2 O-O 9. O-O c5 10. b3 Nbd7 11. Bb2 Rc8 12. Nh4 Re8 13. Nf5 Bf8 14. dxc5 Nxc5 15. Qd4 Ne6 16. Qh4 Ne4 17. Qxd8 Rexd8 18. Rfc1 g6 19. Nxe4 dxe4 20. Nd4 Nc5 21. Rd1 Ba6 22. Ba3 Bg7 23. Rac1 f5 24. g4 fxg4 25. Bxc5 Rxc5 26. Ne6 Rxd1+ 27. Rxd1 Re5 28. Nxg7 Re7 29. Ne8 Rxe8 30. Rd7 Bd3 31. Bf1 Bxf1 32. Kxf1 a5 33. Rd6 Rc8 34. Rxb6 Rc2 35. a4 Rb2 36. Kg2 Kg7 37. Rb7+ Kg8 38. Rb5 h5 39. Rxa5 Rxb3 40. Rd5 Rb6 41. Rb5 Re6 42. a5 Ra6 43. Kg3 Kg7 44. Kf4 Rf6+ 45. Kg5 Rxf2 46. Rb7+ Kf8 47. a6 Rf5+ 48. Kxg6 Ra5 49. a7 Ra6+ 50. Kxh5 1-0

[Event "15th Governor Cup 2019"]
[Site "Khanty-Mansiysk"]
[Date "2019.11.22"]
[Round "6.11"]
[White "Afanasiev, Nikita"]
[Black "Maltsevskaya, Aleksandra"]
[Result "1-0"]
[ECO "B40"]
[WhiteElo "2508"]
[BlackElo "2332"]
[Annotator "ChessBase"]
[PlyCount "51"]
[EventDate "2019.11.19"]
[EventType "swiss"]
[EventCountry "RUS"]
[SourceTitle "playchess.com"]
[Source "ChessBase"]
[SourceQuality "1"]
[TimeControl "5400+30"]

1. e4 c5 2. Nf3 e6 3. d4 cxd4 4. Nxd4 Nf6 5. Nc3 Nc6 6. Nxc6 bxc6 7. e5 Nd5 8. Ne4 Qa5+ 9. c3 Qc7 10. f4 Qb6 11. c4 Bb4+ 12. Ke2 Ba6 13. Kf3 f5 14. exf6 Nxf6 15. Be3 c5 16. Nxf6+ gxf6 17. a3 Ba5 18. b4 Qc6+ 19. Kf2 cxb4 20. Qh5+ Ke7 21. Qxa5 d6 22. axb4 Bb7 23. b5 Qe4 24. c5 dxc5 25. Qc7+ Ke8 26. Bxc5 1-0

[Event "15th Governor Cup 2019"]
[Site "Khanty-Mansiysk"]
[Date "2019.11.22"]
[Round "6.12"]
[White "Lysenko, Margarita"]
[Black "Khanin, Semen"]
[Result "0-1"]
[ECO "E20"]
[WhiteElo "2243"]
[BlackElo "2503"]
[Annotator "ChessBase"]
[PlyCount "86"]
[EventDate "2019.11.19"]
[EventType "swiss"]
[EventCountry "RUS"]
[SourceTitle "playchess.com"]
[Source "ChessBase"]
[SourceQuality "1"]
[TimeControl "5400+30"]

1. d4 Nf6 2. c4 e6 3. Nc3 Bb4 4. f3 c5 5. d5 d6 6. e4 b5 7. Bd2 a6 8. a4 bxc4 9. Bxc4 Qe7 10. Nge2 Nbd7 11. dxe6 fxe6 12. O-O Ne5 13. Ba2 c4 14. Be3 Bb7 15. Bb1 O-O 16. h3 Rac8 17. f4 Ned7 18. Ng3 Nc5 19. Bc2 Qc7 20. Kh2 Rcd8 21. Bxc5 Bxc5 22. Nh5 Qf7 23. Nxf6+ Qxf6 24. Qe2 d5 25. e5 Qh6 26. Qg4 d4 27. Ne4 Be7 28. Nf6+ Bxf6 29. Qxe6+ Kh8 30. exf6 d3 31. Bd1 Qxf6 32. Qxf6 Rxf6 33. Rc1 Bd5 34. Rc3 Rb8 35. Bf3 Bg8 36. Rf2 Rfb6 37. Be4 Rxb2 38. Rxb2 Rxb2 39. Bxd3 cxd3 40. Rxd3 Rb4 41. a5 Ra4 42. Rd8 Rxf4 43. Rd6 Rf6 0-1

[Event "15th Governor Cup 2019"]
[Site "Khanty-Mansiysk"]
[Date "2019.11.22"]
[Round "6.13"]
[White "Pogosyan, Stefan"]
[Black "Safin, Robert"]
[Result "1-0"]
[ECO "B20"]
[WhiteElo "2455"]
[BlackElo "2182"]
[Annotator "ChessBase"]
[PlyCount "97"]
[EventDate "2019.11.19"]
[EventType "swiss"]
[EventCountry "RUS"]
[SourceTitle "playchess.com"]
[Source "ChessBase"]
[SourceQuality "1"]
[TimeControl "5400+30"]

1. e4 c5 2. Ne2 Nc6 3. g3 g6 4. Bg2 Bg7 5. c3 e5 6. d3 d6 7. Be3 Nf6 8. h3 O-O 9. O-O h6 10. Nd2 b6 11. f4 Qe7 12. f5 Ba6 13. c4 Nd4 14. g4 Nd7 15. Nc3 Bb7 16. Nd5 Bxd5 17. exd5 Kh7 18. Ne4 Nf6 19. Qd2 gxf5 20. gxf5 Rg8 21. Qf2 Nxe4 22. Bxe4 Qf6 23. Kh2 Bf8 24. Rg1 Be7 25. Rg4 Rxg4 26. hxg4 Kg7 27. Kh3 Rh8 28. Rh1 Kf8 29. Kg3 Qg7 30. Rh5 Bg5 31. Bxg5 hxg5 32. f6 Qg8 33. Qh2 Rxh5 34. Qxh5 Ne2+ 35. Kf2 Nf4 36. Qh6+ Ke8 37. Qg7 Qf8 38. Bf5 Ng6 39. Bxg6 fxg6 40. Qxg6+ Qf7 41. Qxg5 Qh7 42. Qh5+ Qxh5 43. gxh5 Kf7 44. Kf3 Kxf6 45. Kg4 a6 46. a4 Kg7 47. Kf5 Kf7 48. h6 b5 49. axb5 1-0

[Event "15th Governor Cup 2019"]
[Site "Khanty-Mansiysk"]
[Date "2019.11.22"]
[Round "6.14"]
[White "Obgolts, Erik"]
[Black "Chekletsov, Ilya"]
[Result "1/2-1/2"]
[ECO "B52"]
[WhiteElo "2371"]
[BlackElo "2386"]
[Annotator "ChessBase"]
[PlyCount "143"]
[EventDate "2019.11.19"]
[EventType "swiss"]
[EventCountry "RUS"]
[SourceTitle "playchess.com"]
[Source "ChessBase"]
[SourceQuality "1"]
[TimeControl "5400+30"]

1. e4 c5 2. Nf3 d6 3. Bb5+ Bd7 4. c4 e5 5. Bxd7+ Nxd7 6. Nc3 g6 7. d3 Bh6 8. Bxh6 Nxh6 9. Qd2 Ng4 10. O-O O-O 11. Ne1 Kg7 12. Nc2 f5 13. exf5 Rxf5 14. h3 Nh6 15. Ne4 Nf8 16. Ne3 Rf7 17. f4 exf4 18. Nd5 Ne6 19. b4 b6 20. Qb2+ Nd4 21. Nxf4 Qe7 22. Ne2 Nhf5 23. g4 Qe5 24. Nxd4 Nxd4 25. Rxf7+ Kxf7 26. Qf2+ Kg7 27. Rf1 Qe7 28. g5 Rd8 29. h4 d5 30. cxd5 Rxd5 31. bxc5 bxc5 32. Qf6+ Qxf6 33. gxf6+ Kf8 34. Rb1 Nf3+ 35. Kf1 Nxh4 36. Rb8+ Kf7 37. Rb7+ Kf8 38. Rxh7 Nf3 39. Rxa7 Ng5 40. Ke2 Re5 41. Ke3 Nxe4 42. dxe4 Re6 43. a4 Rxf6 44. a5 Ke8 45. Rc7 g5 46. Rxc5 g4 47. Rg5 Rf3+ 48. Kd4 Ra3 49. Kc4 Kd7 50. Kb4 Rg3 51. Kc5 Rc3+ 52. Kb6 Rb3+ 53. Kc5 Rc3+ 54. Kb4 Rg3 55. e5 Rg1 56. a6 Rb1+ 57. Kc5 Rc1+ 58. Kd5 Rd1+ 59. Ke4 Ra1 60. Rg6 Ke7 61. Kf4 Ra4+ 62. Kf5 g3 63. a7 Kf8 64. e6 Rxa7 65. Kf6 g2 66. Rxg2 Rf7+ 67. Ke5 Rf1 68. Rd2 Ke7 69. Rd7+ Ke8 70. Rd4 Ke7 71. Rd7+ Ke8 72. Ra7 1/2-1/2

[Event "15th Governor Cup 2019"]
[Site "Khanty-Mansiysk"]
[Date "2019.11.22"]
[Round "6.15"]
[White "Chinguun, Sumiya"]
[Black "Zakaryan, David"]
[Result "0-1"]
[ECO "C18"]
[WhiteElo "2307"]
[BlackElo "2338"]
[Annotator "ChessBase"]
[PlyCount "90"]
[EventDate "2019.11.19"]
[EventType "swiss"]
[EventCountry "RUS"]
[SourceTitle "playchess.com"]
[Source "ChessBase"]
[SourceQuality "1"]
[TimeControl "5400+30"]

1. e4 e6 2. d4 d5 3. Nc3 Bb4 4. e5 c5 5. a3 Bxc3+ 6. bxc3 Qc7 7. Qg4 f6 8. Nf3 Nc6 9. Bb5 c4 10. O-O Qf7 11. Qh4 Bd7 12. exf6 gxf6 13. Re1 Nge7 14. Qf4 Rg8 15. Rb1 O-O-O 16. g3 Qh5 17. Bxc6 Nxc6 18. a4 Rge8 19. Ba3 e5 20. dxe5 fxe5 21. Qe3 d4 22. cxd4 exd4 23. Qf4 Qf5 24. Bd6 Qxf4 25. Bxf4 Bf5 26. Bg5 Rxe1+ 27. Nxe1 Re8 28. Rc1 c3 29. Bf6 Re6 30. Bg7 a5 31. Nf3 Rd6 32. Ne5 Kc7 33. g4 Bxg4 34. f4 Bf5 35. Kf2 Nb4 36. Nc4 Rd5 37. Na3 Bxc2 38. Rxc2 Nxc2 39. Nxc2 d3 40. Ne3 c2 41. Nxd5+ Kd6 42. Nc3 c1=Q 43. Be5+ Ke6 44. Bd4 Qxf4+ 45. Ke1 Qxd4 0-1

[Event "15th Governor Cup 2019"]
[Site "Khanty-Mansiysk"]
[Date "2019.11.22"]
[Round "6.16"]
[White "Belyakov, Bogdan"]
[Black "Skatchkov, Valery"]
[Result "1-0"]
[ECO "C55"]
[WhiteElo "2495"]
[BlackElo "2309"]
[Annotator "ChessBase"]
[PlyCount "47"]
[EventDate "2019.11.19"]
[EventType "swiss"]
[EventCountry "RUS"]
[SourceTitle "playchess.com"]
[Source "ChessBase"]
[SourceQuality "1"]
[TimeControl "5400+30"]

1. e4 e5 2. d4 exd4 3. Nf3 Nc6 4. Bc4 Nf6 5. e5 d5 6. Bb5 Ne4 7. Nxd4 Bd7 8. Bxc6 bxc6 9. O-O Be7 10. f3 Nc5 11. f4 Ne4 12. Nc3 Nxc3 13. bxc3 g6 14. f5 c5 15. e6 cxd4 16. Qxd4 f6 17. Qxd5 Ba4 18. Qe4 Bb5 19. c4 Ba4 20. fxg6 f5 21. Rxf5 Bf6 22. Rxf6 Qxf6 23. Qxa8+ Ke7 24. Ba3+ 1-0

[Event "15th Governor Cup 2019"]
[Site "Khanty-Mansiysk"]
[Date "2019.11.22"]
[Round "6.17"]
[White "Najdin, Danil"]
[Black "Shafigullina, Zarina"]
[Result "1-0"]
[ECO "E07"]
[WhiteElo "2357"]
[BlackElo "2295"]
[Annotator "ChessBase"]
[PlyCount "99"]
[EventDate "2019.11.19"]
[EventType "swiss"]
[EventCountry "RUS"]
[SourceTitle "playchess.com"]
[Source "ChessBase"]
[SourceQuality "1"]
[TimeControl "5400+30"]

1. d4 Nf6 2. c4 e6 3. g3 d5 4. Bg2 Be7 5. Nf3 O-O 6. O-O Nbd7 7. Nc3 dxc4 8. e4 Nb6 9. Qe2 c5 10. Rd1 cxd4 11. Nxd4 Bd7 12. Bf4 Bc5 13. Ndb5 Qe7 14. Bd6 Bxd6 15. Nxd6 Bc6 16. e5 Nfd5 17. Nce4 f5 18. exf6 gxf6 19. Nxc4 Rad8 20. Na5 Ba4 21. b3 Be8 22. Rac1 Rc8 23. Rxc8 Nxc8 24. Rc1 Bf7 25. Nxb7 f5 26. Nec5 Ncb6 27. Qe5 Rc8 28. Nd6 Rc7 29. Bxd5 Nxd5 30. Rc4 Nf6 31. Rb4 h5 32. Rb8+ Kh7 33. b4 Kg6 34. Nb5 Rc6 35. Nd4 Rc7 36. Ndxe6 Bxe6 37. Nxe6 Rc6 38. Nf4+ Kf7 39. Qxf5 Rc1+ 40. Kg2 Qe4+ 41. Qxe4 Nxe4 42. Rb7+ Kg8 43. Rxa7 Rc2 44. Kf3 Nxf2 45. Nxh5 Nd3 46. b5 Rxh2 47. Nf6+ Kf8 48. b6 Rf2+ 49. Ke3 Rxf6 50. b7 1-0

[Event "15th Governor Cup 2019"]
[Site "Khanty-Mansiysk"]
[Date "2019.11.22"]
[Round "6.18"]
[White "Yakimova, Mariya"]
[Black "Semenova, Elena"]
[Result "1-0"]
[ECO "D23"]
[WhiteElo "2276"]
[BlackElo "2282"]
[Annotator "ChessBase"]
[PlyCount "99"]
[EventDate "2019.11.19"]
[EventType "swiss"]
[EventCountry "RUS"]
[SourceTitle "playchess.com"]
[Source "ChessBase"]
[SourceQuality "1"]
[TimeControl "5400+30"]

1. d4 d5 2. c4 dxc4 3. Nf3 Nf6 4. Qa4+ Nc6 5. Qxc4 Bf5 6. g3 e6 7. Bg2 Be7 8. O-O O-O 9. Nc3 Ne4 10. Bf4 g5 11. Be3 Nxc3 12. Qxc3 Be4 13. Rac1 Qd5 14. Qb3 Qxb3 15. axb3 f6 16. Nd2 Bxg2 17. Kxg2 f5 18. Nf3 h6 19. Ne5 Nxe5 20. dxe5 c6 21. Ra1 Rfd8 22. Bxa7 Rd5 23. Be3 Rxa1 24. Rxa1 Rb5 25. Ra8+ Kf7 26. Bd4 Rxb3 27. h3 Rb5 28. Kf3 Rd5 29. Bc3 h5 30. Rh8 g4+ 31. Kf4 b5 32. hxg4 b4 33. Rh7+ Kf8 34. gxf5 bxc3 35. bxc3 exf5 36. Kxf5 Rd2 37. Ke6 Bc5 38. f4 Rxe2 39. Rc7 Bf2 40. Kf6 Ke8 41. e6 Kd8 42. Rd7+ Kc8 43. Rd3 h4 44. g4 Bc5 45. f5 Ba3 46. Kf7 Rg2 47. f6 Rxg4 48. e7 Bxe7 49. fxe7 Rf4+ 50. Kg6 1-0

[Event "15th Governor Cup 2019"]
[Site "Khanty-Mansiysk"]
[Date "2019.11.22"]
[Round "6.19"]
[White "Mukhina, Jana"]
[Black "Martynyuk, Elizaveta"]
[Result "1-0"]
[ECO "D18"]
[WhiteElo "2105"]
[BlackElo "2020"]
[Annotator "ChessBase"]
[PlyCount "71"]
[EventDate "2019.11.19"]
[EventType "swiss"]
[EventCountry "RUS"]
[SourceTitle "playchess.com"]
[Source "ChessBase"]
[SourceQuality "1"]
[TimeControl "5400+30"]

1. d4 d5 2. c4 c6 3. Nf3 Nf6 4. Nc3 dxc4 5. a4 Bf5 6. e3 e6 7. Bxc4 Bb4 8. O-O O-O 9. Qb3 Qe7 10. Ne5 a5 11. f3 Na6 12. e4 Bg6 13. Bg5 c5 14. Nxg6 hxg6 15. e5 cxd4 16. Ne4 Nc5 17. exf6 Qc7 18. Nxc5 Qxc5 19. f4 d3+ 20. Kh1 d2 21. Qh3 Qd4 22. fxg7 Qxg7 23. Qh4 Rac8 24. Bf6 Rxc4 25. Bxg7 Kxg7 26. Rad1 Rfc8 27. Qf2 Rc2 28. g4 f6 29. Qb6 R8c7 30. g5 Re7 31. gxf6+ Kxf6 32. Qd4+ Kf7 33. Qe4 Rc5 34. Rg1 Rf5 35. Qg2 Rf6 36. Rxd2 1-0

[Event "15th Governor Cup 2019"]
[Site "Khanty-Mansiysk"]
[Date "2019.11.22"]
[Round "6.20"]
[White "Dorofeeva, Nyurguiaana"]
[Black "Mironenko, Galina"]
[Result "0-1"]
[ECO "A46"]
[WhiteElo "1848"]
[BlackElo "2236"]
[Annotator "ChessBase"]
[PlyCount "88"]
[EventDate "2019.11.19"]
[EventType "swiss"]
[EventCountry "RUS"]
[SourceTitle "playchess.com"]
[Source "ChessBase"]
[SourceQuality "1"]
[TimeControl "5400+30"]

1. d4 Nf6 2. Nf3 e6 3. Bf4 b6 4. e3 Bb7 5. Nbd2 Be7 6. Bd3 Nh5 7. Bg3 d6 8. c4 Nd7 9. Qb1 h6 10. b4 Nxg3 11. hxg3 c5 12. a3 Qc7 13. g4 O-O-O 14. Be4 Nf6 15. Bxb7+ Qxb7 16. dxc5 dxc5 17. Ne5 Qxg2 18. Rf1 Rxd2 19. Kxd2 Ne4+ 20. Ke1 Bf6 21. Nxf7 Bc3+ 22. Ke2 Qxg4+ 23. f3 Ng3+ 24. Kd3 Qf5+ 25. Kxc3 Qxf7 26. Rf2 Qf6+ 27. Kb3 Rd8 28. Raa2 Qe5 29. e4 Qf4 30. Ka4 Rd4 31. Qb3 a6 32. Qc3 Qd6 33. Rfd2 Qd7+ 34. Kb3 e5 35. bxc5 bxc5 36. Qa5 Rd3+ 37. Rxd3 Qxd3+ 38. Qc3 Qd1+ 39. Kb2 Ne2 40. Qc2 Qd4+ 41. Kb3 Qe3+ 42. Kb2 Nd4 43. Qd1 Nxf3 44. Ka1 Qxe4 0-1

[Event "15th Governor Cup 2019"]
[Site "Khanty-Mansiysk"]
[Date "2019.11.22"]
[Round "6.21"]
[White "Skvortsov, Andrey"]
[Black "Ryabov, Georgi"]
[Result "1-0"]
[ECO "E81"]
[WhiteElo "2137"]
[BlackElo "1887"]
[Annotator "ChessBase"]
[PlyCount "183"]
[EventDate "2019.11.19"]
[EventType "swiss"]
[EventCountry "RUS"]
[SourceTitle "playchess.com"]
[Source "ChessBase"]
[SourceQuality "1"]
[TimeControl "5400+30"]

1. d4 Nf6 2. c4 g6 3. f3 Bg7 4. e4 d6 5. Nc3 O-O 6. Bd3 Nbd7 7. d5 e5 8. Bg5 h6 9. Bh4 Nc5 10. Bc2 a5 11. a3 Qd7 12. b4 axb4 13. axb4 Rxa1 14. Qxa1 Na6 15. Qb2 Nh7 16. Ba4 c6 17. b5 Nc5 18. bxc6 bxc6 19. dxc6 Qa7 20. Bc2 Qc7 21. Nd5 Qa5+ 22. Qc3 Qxc3+ 23. Nxc3 g5 24. Bf2 Ne6 25. Nb5 Ba6 26. Nxd6 Rd8 27. Nf5 Bf8 28. Be3 Bxc4 29. h4 Bb5 30. Kf2 Bxc6 31. Ne2 Bb5 32. Rb1 Bc4 33. g3 Nf6 34. Rc1 Kh7 35. Ba4 Bd3 36. hxg5 hxg5 37. Bc2 Bc4 38. Bb1 Bb5 39. Rh1+ Kg8 40. Nc3 Bc4 41. Rc1 Bb3 42. Ne2 Nd7 43. Rc3 Ndc5 44. Nc1 Ba4 45. Ba2 Bd1 46. Bd5 Rb8 47. Ke1 Ba4 48. Rc4 Bb5 49. Rc3 Ba6 50. Rc2 Rc8 51. Kd2 Rd8 52. Ke1 Rc8 53. Kd1 Rd8 54. Rd2 Rb8 55. Ra2 Bb5 56. Ke1 Na6 57. Kf2 Nb4 58. Rd2 Rc8 59. Rb2 Rc2+ 60. Rxc2 Nxc2 61. Bd2 Ned4 62. Nxd4 exd4 63. Bxg5 d3 64. Nb3 Ba4 65. Bd2 Bxb3 66. Bxb3 Bc5+ 67. Kf1 Ne3+ 68. Bxe3 Bxe3 69. Bc4 d2 70. Bb3 Bc5 71. Ke2 Bb4 72. e5 Kf8 73. Kd3 Ke7 74. Kc4 Ba5 75. Kd5 Bb6 76. g4 f6 77. f4 fxe5 78. Kxe5 Kf8 79. Kf6 Bd4+ 80. Kg6 Bc5 81. f5 Bd4 82. f6 Be3 83. g5 Bc5 84. Kf5 d1=Q 85. Bxd1 Kg8 86. Bb3+ Kh8 87. Ke6 Kg8 88. Kd7+ Kh7 89. Bc2+ Kh8 90. g6 Bf8 91. Ke8 Bh6 92. Kf7 1-0